Map: Deathaura LE

Players

A.I. 1 (Very Easy) - Winner!

  • Race: Protoss Protoss
  • Spawn Location: 5:00

Future

  • Race: Terran Terran
  • League: Grandmaster
  • Spawn Location: 11:00

VOD

Have the link to the VOD?

Description

Time

  • Played on: March 28, 2021, 5:46 p.m.
  • Length: 6:58
Show
View Real Time Build Order
Export as new Build Order

A.I. 1 (Very Easy) Protoss - Winner!

Build Orders:  

Get SALT Encoding   

  12  0:00  Probe  
  13  0:13  Probe  
  14  0:20  Pylon  
  14  0:37  Assimilator  
  14  0:42  Gateway  
  14  0:46  Pylon  
  14  1:13  Assimilator  
  14  1:17  Probe  
  14  1:25  Probe  
  16  1:33  Probe  
  16  1:34  Cybernetics Core  
  17  1:43  Probe  
  18  1:55  Probe  
  18  2:00  Warp Gate  
  19  2:03  Probe  
  20  2:10  Stalker  
  22  4:46  Probe  
  15  4:54  Probe  
  16  5:04  Probe  
  17  5:13  Probe  
  17  5:21  Probe  
  18  5:26  Zealot  
  18  5:28  Pylon  
  16  5:30  Probe  
  16  5:31  Robotics Facility  
  18  5:42  Probe  
  18  5:54  Probe  
  17  6:07  Probe  
  18  6:13  Observer  
  18  6:17  Zealot  
  20  6:19  Probe  
  22  6:31  Probe  
  19  6:47  Pylon  
  18  6:54  Pylon  
Show
View Real Time Build Order
Export as new Build Order

Future Terran 

Build Orders:  

Get SALT Encoding   

  12  0:00  SCV  
  13  0:12  SCV  
  14  0:16  Supply Depot  
  14  0:24  SCV  
  15  0:38  SCV  
  15  0:39  Barracks  
  16  0:43  Refinery  
  16  0:50  SCV  
  17  1:02  SCV  
  18  1:14  SCV  
  19  1:26  Marine  
  19  1:27  Orbital Command  
  20  1:40  Command Center  
  20  1:45  Barracks Reactor  
  20  1:53  SCV  
  21  2:02  Supply Depot  
  21  2:05  SCV  
  22  2:12  Factory  
  22  2:17  SCV  
  23  2:24  Marine x2  
  23  2:29  SCV, Bunker  
  26  2:37  Refinery  
  26  2:41  SCV, Marine x2  
  29  2:52  Orbital Command  
  29  2:53  SCV  
  29  2:57  Starport  
  30  3:01  Widow Mine  
  32  3:05  Marine  
  32  3:06  Marine  
  32  3:10  SCV  
  35  3:18  SCV  
  36  3:22  SCV  
  36  3:23  Widow Mine  
  36  3:26  Marine x2  
  41  3:30  SCV  
  41  3:31  Supply Depot  
  41  3:34  SCV, Medivac  
  44  3:40  Barracks  
  45  3:42  SCV  
  46  3:50  Factory Tech Lab  
  46  3:53  SCV  
  46  3:54  SCV, Barracks  
  48  3:55  Supply Depot  
  48  3:59  Marine x2  
  50  4:05  SCV  
  50  4:06  SCV  
  52  4:11  Engineering Bay  
  52  4:14  Factory Tech Lab  
  52  4:17  SCV, Marine x2  
  52  4:18  SCV  
  52  4:22  Supply Depot  
  56  4:29  SCV  
  56  4:30  SCV  
  58  4:31  Refinery  
  58  4:36  Stimpack  
  58  4:37  Supply Depot  
  58  4:41  SCV  
  58  4:42  SCV, Terran Infantry Weapons Level 1  
  60  4:47  Marauder x2  
  60  4:50  Marine x2  
  60  4:52  Factory Reactor  
  66  4:53  Starport Reactor  
  66  4:55  SCV  
  66  4:57  SCV  
  66  4:59  Combat Shield  
  68  5:03  Supply Depot  
  68  5:07  SCV, Refinery  
  68  5:09  SCV  
  68  5:11  Marauder  
  68  5:13  Marauder  
  74  5:14  Marine  
  74  5:15  Marine  
  76  5:21  Supply Depot  
  74  5:29  Supply Depot  
  74  5:31  SCV x2  
  74  5:32  Marine x2  
  74  5:33  Marauder  
  74  5:34  Medivac, Marauder  
  84  5:36  Medivac  
  86  5:43  Widow Mine x2  
  86  5:45  Supply Depot  
  90  5:52  Marine, Supply Depot  
  90  5:53  Marine  
  90  5:54  Marauder  
  90  5:56  Marauder  
  94  6:04  Widow Mine x2, Medivac  
  94  6:06  Medivac  
  102  6:12  Marine x2  
  102  6:13  Command Center  
  102  6:16  Marauder  
  102  6:17  Marauder  
  108  6:20  SCV x2  
  108  6:23  Supply Depot  
  110  6:32  SCV x2, Marine x2  
  118  6:48  Barracks  
  118  6:49  Barracks  
Tags
 
Matchup
PvT
Player
Future
Spawn Locations
Cross Positions
Add a new tag
Caveats
  • Supply blocks, unpowered buildings, or Contaminate may cause inaccurate times.
  • Supply counts are checked every 10 seconds.